 Dungeon Crawl Stone Soup version 0.30.0-10-gfe55d96785 (webtiles) character file.

Game seed: 13967726540531450290

6722 jlumianski the Cleaver (level 10, -2/76 HPs)
             Began as a Demonspawn Fighter on May 16, 2023.
             Was a Priest of Qazlal.
             Killed by divine providence
             ... invoked by a meliai
              (9 damage)
             ... on level 8 of the Dungeon.
             The game lasted 00:38:40 (7048 turns).

jlumianski the Cleaver (Demonspawn Fighter)         Turns: 7048, Time: 00:38:40

Health: -2/76      AC: 23    Str: 24    XL:     10   Next: 74%
Magic:  0/15       EV: 14    Int:  9    God:    Qazlal [***...]
Gold:   430        SH: 16    Dex: 12    Spells: 9/9 levels left

rFire   . . .        a - +0 war axe (flame)
rCold   . . .        D - +2 buckler {AC+3}
rNeg    . . .        K - +3 chain mail of Spring {Str+2}
rPois   .            (helmet restricted)
rElec   .            o - scarf {+Inv}
rCorr   .            (no gloves)
SInv    .            g - +2 pair of boots
Will    +....        l - amulet of regeneration Stlth
                     H - +5 ring of evasion
HPRegen 1.12/turn    e - ring of willpower
MPRegen 0.28/turn

%: guardian spirit
@: lethally poisoned (-2 -> -6)
A: antennae 2, icemail 1, magic shield, magic regeneration, condensation shield
a: Renounce Religion, Evoke Invisibility, Upheaval, Elemental Force


You were on level 8 of the Dungeon.
You worshipped Qazlal.
Qazlal was most pleased with you.
You visited 2 branches of the dungeon, and saw 10 of its levels.
You also visited: Sewer, Ossuary and Bailey.

You collected 658 gold pieces.
You spent 228 gold pieces at shops.

Inventory:

Hand Weapons
 a - a +0 war axe of flaming (weapon)
 j - a +3 spear
 u - a +1 morningstar of freezing
 I - a +5 flail
Missiles
 m - 62 stones
 p - 4 boomerangs
 y - 22 poisoned darts
 B - 23 javelins (quivered)
Armour
 b - a +0 scale mail
 c - a +0 buckler
 f - a +0 chain mail
 g - a +2 pair of boots (worn)
 k - a +1 helmet
 o - a scarf of invisibility (worn)
 q - a +0 plate armour
 D - a +2 buckler of protection (worn)
 K - the +3 chain mail of Spring (worn) {Str+2}
   (You bought it in a shop on level 8 of the Dungeon)

   Str:       It affects your strength (+2).
Jewellery
 e - a ring of willpower (right hand)
 h - a ring of positive energy
 l - an amulet of regeneration (around neck)
 H - a +5 ring of evasion (left hand)
 N - a ring of wizardry
Wands
 w - a wand of polymorph (7)
 E - a wand of charming (19)
 M - a wand of digging (6)
Scrolls
 n - 5 scrolls of fog
 r - a scroll of immolation
 F - a scroll of vulnerability
 G - a scroll of fear {unknown}
 J - 4 scrolls of enchant armour
 L - a scroll of torment {unknown}
 O - a scroll of magic mapping
Potions
 d - a potion of berserk rage
 i - 6 potions of curing
 s - a potion of brilliance
 t - a potion of degeneration
 v - 2 potions of invisibility
 x - 2 potions of mutation {unknown}
 z - a potion of lignification
 A - a potion of haste
 C - a potion of ambrosia


   Skills:
 + Level 6.1 Fighting
 + Level 8.5 Axes
 + Level 1.6 Throwing
 + Level 6.0 Armour
 + Level 2.0 Dodging
 + Level 6.8 Shields
 * Level 7.3 Invocations
 * Level 5.7 Evocations


You had 9 spell levels left.
You didn't know any spells.
Your spell library contained the following spells:

 Spells                   Type           Power      Damage    Failure   Level
 Beastly Appendage        Tmut           0%         N/A       94%         1
 Magic Dart               Conj           0%         1d3       94%         1
 Call Imp                 Summ           0%         N/A       98%         2
 Searing Ray              Conj           0%         2d4       98%         2
 Wereblood                Tmut           0%         N/A       98%         2
 Mephitic Cloud           Conj/Pois/Air  0%         N/A       100%        3
 Spider Form              Tmut/Pois      0%         N/A       100%        3
 Fulminant Prism          Conj/Hex       0%         3d5       100%        4


Dungeon Overview and Level Annotations

Branches:
Dungeon (9/15)             Temple (1/1) D:4           Sewer (visited)
Ossuary (visited)          Bailey (visited)
   Lair: D:8-11         Orc: D:9-12

Altars:
Ashenzari
Cheibriados
Dithmenos
Fedhas
Hepliaklqana
Kikubaaqudgha
Makhleb
Nemelex Xobeh
Okawaru
Qazlal
Ru
Sif Muna
Trog
Uskayaw
Vehumet
Xom
Yredelemnul

Shops:
D:4 *   D:8 [

Annotations:
Temple 2 transporters


Innate Abilities, Weirdness & Mutations

You have a pair of antennae on your head.
A meltable icy envelope protects you from harm. (AC +4)
When hurt, damage is shared between your health and your magic reserves.
You regenerate magic rapidly.
A meltable shield of frost defends you. (SH +4)


Message History

You slash the meliai! You burn the meliai.
The meliai hits you with a +0 war axe! The meliai stings you.
You are poisoned.
The meliai poisons you!
The meliai is engulfed in freezing vapours.
The meliai calls down the wrath of its god upon you.
Something smites you! You block the meliai's attack. The meliai stings you.
The meliai is engulfed in freezing vapours.
The meliai calls upon its god to heal the meliai.
The meliai is healed somewhat.
The meliai hits you but does no damage. The meliai barely misses you.
You block the meliai's attack. x2
Okay, then.
Unknown command.
The meliai attacks as you move away! You block the meliai's attack.
The meliai stings you.
You feel very sick.
The meliai mumbles some strange prayers to its god against you.
Something smites you!
The meliai is engulfed in freezing vapours.
You block the meliai's attack. The meliai barely misses you.
The meliai hits you with a +0 hand axe.
* * * LOW HITPOINT WARNING * * *
The meliai stings you but does no damage.
The meliai closely misses you. The meliai barely misses you.
Aiming: Upheaval
Press: ? - help, Dir - move target Magma suddenly erupts from the ground!
You hear a sizzling sound!
The blast of magma engulfs the meliai!
The meliai is severely wounded.
The blast of magma engulfs the meliai!!
You kill the meliai!
Qazlal accepts your kill.
You feel very sick.
The meliai mumbles some strange prayers to its god against you.
Something smites you!
* * * LOW HITPOINT WARNING * * *
The meliai invokes the aid of its god against you.
Something smites you!
You die...

*,,,*** *,,,,*,**,,,,,,,,*
**,,,,,* *,,,,,,*,,,,,,,,,***
*,,..,** *,,,,,,,,,,,,,*,,,,*
***,.### ###*,*,,,,,.,,**,,,,,
***,,,,..#*##.##**,,,,.#*,**,,,,^
,*#,..,#..*#...##*,,,...*,**,,,,,
.,...,,#.###....##,,....,,,,,,,,*
.,....##..##...§.##.....,,,,,,,,,
.###...........§@.......**,,,,>,,
....#,*#.......)yy......*,,,,,,,,
....####.###....°.......,,,,,,,,,
*#..##................##,,*,,,,,*
##...................##*,**,,,>,,
.#..#..................,,,,,,*,,,
....#...#...............,,,,,,,,,
...###..................*,***,,,,
.#...##..#.............#*,,*****,


You could see 2 meliai.

Vanquished Creatures
  A two-headed ogre (D:7)
  Pikel (D:7)
  A meliai (D:8)
  A hornet (D:7)
  Prince Ribbit (D:8)
  3 yaks
  A steam dragon (D:6)
  11 orc warriors
  Pargi (Sewer)
  3 ice beasts
  3 sky beasts
  9 centaurs (Bailey)
  2 ogres
  A phantom (D:3)
  2 kobold brigands
  2 bullfrogs
  3 scorpions
  A water moccasin zombie (Ossuary)
  9 wights
  3 killer bees (D:7)
  A howler monkey (D:5)
  4 centaur zombies (Ossuary)
  4 hounds
  3 jellies
  4 orc priests
  3 iguanas
  A human zombie (Ossuary)
  5 orc wizards
  An ogre zombie (Ossuary)
  Robin (D:1)
  7 adders
  An ufetubus (D:4)
  5 adder zombies (Ossuary)
  4 worms
  A dart slug (D:5)
  38 orcs
  6 ball pythons
  8 endoplasms
  4 giant cockroaches
  17 goblins
  11 hobgoblins
  2 jackals (D:1)
  17 kobolds
  A quokka (D:5)
  10 bats
  3 frilled lizards
  4 gnoll zombies (Ossuary)
  4 goblin zombies (Ossuary)
  3 hobgoblin zombies (Ossuary)
  An orc zombie (Ossuary)
  5 rats
238 creatures vanquished.

Notes
Turn   | Place    | Note
-------+----------+-------------------------------------------
     0 | D:1      | jlumianski the Demonspawn Fighter began the quest for the
                  | Orb.
     0 | D:1      | Reached XP level 1. HP: 18/18 MP: 1/1
    56 | D:1      | Gained mutation: You regenerate magic rapidly. [demonic
                  | ancestry]
    56 | D:1      | Reached XP level 2. HP: 24/24 MP: 2/2
    83 | D:1      | Reached skill level 2 in Axes
   167 | D:1      | You fall into a shaft and drop 1 floor!
   168 | D:2      | Noticed Robin
   180 | D:2      | Found a faded altar of an unknown god.
   268 | D:1      | Gained mutation: A meltable shield of frost defends you.
                  | (SH +4) [demonic ancestry]
   268 | D:1      | Reached XP level 3. HP: 23/29 MP: 3/3
   356 | D:1      | Killed Robin
   391 | D:2      | Reached XP level 4. HP: 13/35 MP: 4/4
   628 | D:3      | Found a glowing drain.
   632 | D:3      | Reached skill level 3 in Axes
   645 | Sewer    | Entered a sewer
   685 | Sewer    | Noticed Pargi
   692 | Sewer    | Killed Pargi
   693 | Sewer    | Gained mutation: You have a pair of small antennae on your
                  | head. [demonic ancestry]
   693 | Sewer    | Reached XP level 5. HP: 29/41 MP: 5/5
  1506 | D:4      | Noticed an ice beast
  1522 | D:3      | Killed an ice beast
  1523 | D:3      | Reached skill level 4 in Axes
  1523 | D:3      | Gained mutation: A meltable icy envelope protects you from
                  | harm. (AC +4) [demonic ancestry]
  1523 | D:3      | Reached XP level 6. HP: 48/48 MP: 6/6
  1531 | D:4      | Found a basalt altar of Yredelemnul.
  1532 | D:4      | Found a shimmering blue altar of Sif Muna.
  1533 | D:4      | Found a blossoming altar of Fedhas.
  1558 | D:4      | Found an ancient bone altar of Kikubaaqudgha.
  1833 | D:4      | Reached skill level 1 in Dodging
  1919 | D:4      | Found a staircase to the Ecumenical Temple.
  1925 | Temple   | Entered the Ecumenical Temple
  1925 | Temple   | Found a transporter.
  1925 | Temple   | Found a transporter.
  1927 | Temple   | Found a transporter.
  1927 | Temple   | Found a transporter.
  1945 | Temple   | Became a worshipper of Qazlal Stormbringer
  2008 | Temple   | Gained mutation: When hurt, damage is shared between your
                  | health and your magic reserves. [demonic ancestry]
  2008 | Temple   | Reached XP level 7. HP: 53/53 MP: 7/7
  2054 | D:5      | Entered Level 5 of the Dungeon
  2150 | D:5      | Reached skill level 1 in Invocations
  2230 | D:5      | Reached skill level 1 in Evocations
  2366 | D:5      | Reached skill level 5 in Axes
  2702 | D:5      | Found a sand-covered staircase.
  2710 | Ossuary  | Entered an ossuary
  2769 | Ossuary  | Reached * piety under Qazlal
  2818 | Ossuary  | Reached XP level 8. HP: 57/61 MP: 7/10
  2898 | Ossuary  | Noticed a silent spectre
  3044 | D:4      | Found a bloodstained altar of Trog.
  3100 | D:4      | Found Iwkuggugila's Overcharged Wands.
  3155 | D:4      | Reached ** piety under Qazlal
  3938 | D:6      | Reached skill level 5 in Fighting
  3938 | D:6      | Reached skill level 5 in Armour
  4112 | D:7      | Reached skill level 5 in Shields
  4209 | D:6      | Reached skill level 6 in Axes
  4305 | D:6      | Reached XP level 9. HP: 63/68 MP: 10/12
  4329 | D:7      | Found a broken altar of Ashenzari.
  5178 | D:8      | Noticed Prince Ribbit
  5178 | D:8      | Noticed a two-headed ogre
  5178 | D:8      | Found Piddad Wef's Antique Armour Shop.
  5190 | D:7      | Killed a two-headed ogre
  5191 | D:7      | Reached skill level 7 in Axes
  5191 | D:7      | Reached skill level 1 in Throwing
  5191 | D:7      | Reached skill level 5 in Invocations
  5239 | D:8      | Killed Prince Ribbit
  5262 | D:8      | Bought a faintly glowing chain mail for 228 gold pieces
  5262 | D:8      | Identified the +3 chain mail of Spring {Str+2} (You bought
                  | it in a shop on level 8 of the Dungeon)
  5393 | D:8      | Found a flagged portal.
  5473 | Bailey   | Entered a bailey
  5656 | Bailey   | Gained mutation: You have a pair of antennae on your head.
                  | [demonic ancestry]
  5656 | Bailey   | Reached XP level 10. HP: 73/74 MP: 12/14
  5657 | Bailey   | Reached *** piety under Qazlal
  5789 | Bailey   | Reached skill level 5 in Evocations
  5987 | Bailey   | Reached skill level 8 in Axes
  6550 | D:7      | Noticed Pikel
  6570 | D:7      | Killed Pikel
  7048 | D:8      | Killed from afar by a meliai

Illustrated notes

Levels and vault maps discovered:
D:1:      dpeg_arrival_round_b, layout_rooms, serial_shops, shop,
          grunt_decor_fettered, nicolae_wormholes
D:2:      minmay_chambers_of_ones, layout_rooms,
          chequers_ecumenical_altar_simple_redux, guppyfry_early_lair_pool,
          uniq_robin
D:3:      layout_loops_cross, cheibrodos_sewer_entry_drain, grunt_ministairs_3
D:4:      layout_rooms, nicolae_overflow_quartered_altars,
          mainiacjoe_overflow_boulevard, minmay_temple_entry_ruins,
          nicolae_shop_overcharged_wands
D:5:      layout_loops_ring, nicolae_ossuary_entry_ruins,
          chequers_serial_rivers_room_b
D:6:      layout_basic
D:7:      layout_basic, cheibrodos_ashenzari_chains, uniq_pikel
D:8:      layout_cave_pools, serial_shops, nicolae_stop_n_shop_1,
          enter_bailey_2, uniq_prince_ribbit1
D:9:      lemuel_castle_with_subvaults [lemuel_castle_interior_carwin_2],
          layout_irregular_city, pdpol_temple_overflow_zin_treasury_gozag_greed,
          nicolae_wu_jian_wuxing_cycle, uniq_gastronok
Temple:   hellmonk_temple_divided_pantheon

Skill      XL: |  1  2  3  4  5  6  7  8  9 10 |
---------------+-------------------------------+-----
Axes           | 2 3 4 5 6 7 8 |  8.5
Armour         | 3 4 5 6 |  6.0
Shields        | 3 4 5 6 |  6.8
Dodging        | 1 2 |  2.0
Fighting       | 4 5 6 |  6.1
Invocations    | 2 4 6 7 |  7.3
Evocations     | 2 3 4 5 |  5.7
Throwing       | 1 |  1.6

Action                     |  1- 3 |  4- 6 |  7- 9 | 10-12 || total
---------------------------+-------+-------+-------+-------++-------
  Melee: War axe           |    74 |   186 |   408 |   152 ||   820
  Throw: Stone             |       |       |     6 |       ||     6
         Dart              |       |       |    17 |       ||    17
         Javelin           |       |       |       |     1 ||     1
 Invoke: Upheaval          |       |       |     1 |     1 ||     2
    Use: Scroll            |       |     8 |     9 |     1 ||    18
         Potion            |       |     1 |     1 |       ||     2
 Armour: Scale mail        |     9 |       |       |       ||     9
         Chain mail        |    70 |   124 |    60 |    99 ||   353
         Plate armour      |       |       |   171 |       ||   171
  Dodge: Dodged            |    31 |    61 |   169 |   134 ||   395
  Block: Buckler           |    30 |    83 |   276 |   189 ||   578
